[Event "ROU-ch Men 2018"]
[Site "Olanesti"]
[Date "2018.05.17"]
[Round "4"]
[White "Stan, Andrei-Mihaita"]
[Black "Ileana, George"]
[Result "0-1"]
[ECO "E35"]
[WhiteElo "1860"]
[BlackElo "2325"]
[Annotator "NA"]
[PlyCount "108"]
[EventDate "2018.??.??"]
[EventType "swiss"]
[EventCountry "ROU"]
[SourceTitle "playchess.com"]
[Source "ChessBase"]
[SourceQuality "1"]
[TimeControl "40/5400+30:1800+30"]

1. d4 Nf6 2. c4 e6 3. Nc3 Bb4 4. Qc2 d5 5. cxd5 exd5 6. Bg5 h6 7. Bh4 O-O 8. e3 {[%emt 0:00:38] E35: Nimzo-Indian: Classical: 4...d5 5 cxd5 exd5} c6 9. Bd3 Re8 10. Nf3 Nbd7 11. O-O-O ({Better is} 11. O-O $14 Be7 12. Nd2 Nh5 13. Bxe7 Qxe7 14. Rab1 a5 15. a3 Nhf6 16. b4 axb4 17. axb4 b5 18. e4 dxe4 19. Ncxe4 Nxe4 20. Bxe4 {1-0 (74) Karjakin,S (2774)-Mamedyarov,S (2746) Almaty 2016}) 11... Qa5 12. Nd2 Bxc3 13. bxc3 c5 14. dxc5 $146 ({Predecessor:} 14. Kb1 c4 15. Bf5 Nb6 16. Bxc8 Raxc8 17. Bxf6 gxf6 18. Ka1 {1-0 (47) Cebalo,M (2438)-Bahl,F (1933) Triesen 2013}) 14... Qxc5 15. Nb3 Qb6 16. Kb2 Ne5 17. Ka1 Bd7 18. Be2 Rac8 19. Bf3 Nxf3 20. gxf3 Rc4 21. Rd4 Ba4 22. Qb2 Nd7 23. Nd2 Rxd4 24. cxd4 f5 25. Bg3 Qxb2+ 26. Kxb2 Rc8 27. Rc1 Rxc1 28. Kxc1 Kf7 29. f4 Bb5 30. Nf3 Nf6 31. Ne5+ Ke6 32. f3 g5 33. fxg5 hxg5 34. Be1 f4 35. Bd2 Nh5 36. Kc2 $11 Be8 37. Kc3 Kf5 38. Kb4 b6 39. exf4 Nxf4 40. Bxf4 Kxf4 41. Kc3 Ke3 42. a3 a6 43. Nd3 Kxf3 44. Nb4 Bf7 45. Nxa6 Kg2 46. Nb4 Kxh2 47. Nd3 g4 48. Kb4 Be8 49. a4 g3 50. Nf4 g2 51. Nxg2 Kxg2 52. a5 bxa5+ 53. Kc5 a4 54. Kxd5 a3 0-1

[Event "ROU-ch Men 2018"]
[Site "Olanesti"]
[Date "2018.05.17"]
[Round "4"]
[White "Bobocea, Laurentiu-Vlad"]
[Black "Sava, Bogdan"]
[Result "1/2-1/2"]
[ECO "D96"]
[WhiteElo "1853"]
[BlackElo "2099"]
[Annotator "NA"]
[PlyCount "56"]
[EventDate "2018.??.??"]
[EventType "swiss"]
[EventCountry "ROU"]
[SourceTitle "playchess.com"]
[Source "ChessBase"]
[SourceQuality "1"]
[TimeControl "40/5400+30:1800+30"]

1. d4 Nf6 2. c4 g6 3. Nc3 d5 4. Nf3 Bg7 5. Qb3 dxc4 6. Qxc4 a6 7. e4 {[%emt 0:00:37] D96: Grünfeld: Russian System (5 Qb3): sidelines} (7. Bf4 c6 8. e3 O-O 9. Be2 Bf5 10. O-O Nbd7 11. Rfd1 Rc8 12. a4 a5 13. h3 Qb6 14. Qa2 Qb4 15. Bc4 {1-0 (43) Savchenko,B (2618)-Tran,M (2399) Subic Bay 2016}) 7... b5 8. Qb3 Bb7 9. e5 Nd5 {[%emt 0:03:17] LiveBook: 3 Games} 10. Ne4 Nb6 $146 ({Predecessor:} 10... Nd7 11. e6 fxe6 12. Neg5 Nf8 13. Bxb5+ c6 14. Bc4 Rb8 {1-0 (24) Cazzaniga,W (2192)-Angelini,M (2033) Corsico 2009}) 11. Bd3 O-O 12. Be3 Bd5 13. Qc2 N8d7 14. Rc1 Ra7 (14... f5 $11 {remains equal.} 15. exf6 exf6) 15. h4 Nc4 16. b3 Nxe3 17. fxe3 f6 (17... c5 $1 $11 {keeps the balance.}) 18. e6 Bxe6 {[%emt 0:04:36] [#]} 19. h5 $1 Bf7 20. hxg6 hxg6 21. Nc5 (21. Ng3 $18) 21... Nxc5 22. Qxc5 Ra8 $14 23. Nh4 Qd6 24. Qxd6 cxd6 25. Bxg6 Rfc8 26. Kd2 e6 27. Bh7+ Kf8 28. Ng6+ Ke8 1/2-1/2

[Event "ROU-ch Men 2018"]
[Site "Olanesti"]
[Date "2018.05.17"]
[Round "4"]
[White "Cenusa, Mihai"]
[Black "Raducanu, Andrei-Augustin"]
[Result "1-0"]
[ECO "B00"]
[WhiteElo "1819"]
[BlackElo "2063"]
[Annotator "NA"]
[PlyCount "85"]
[EventDate "2018.??.??"]
[EventType "swiss"]
[EventCountry "ROU"]
[SourceTitle "playchess.com"]
[Source "ChessBase"]
[SourceQuality "1"]
[TimeControl "40/5400+30:1800+30"]

1. e4 d6 2. Nc3 g6 3. Bc4 Bg7 4. d4 Nf6 5. f3 a6 {[%emt 0:08:14] B07: Pirc Defence: Miscellaneous Systems} (5... O-O 6. Be3 c6 7. Bb3 b5 8. a3 d5 9. e5 Ne8 10. Qd2 f6 11. Bh6 fxe5 12. Bxg7 Nxg7 13. dxe5 e6 14. O-O-O Nd7 15. Re1 {0-1 (29) Volak,M (2182)-Kulhanek,T (2350) Czech Republic 2016}) 6. a3 b5 7. Ba2 Nbd7 $146 ({Predecessor:} 7... Bb7 8. Be3 Nbd7 9. Qe2 e6 10. O-O-O Nb6 11. h4 d5 12. Bg5 h6 13. Bf4 {0-1 (39) Domschitz,L (2094)-Nemeth,S (2046) Hungary 2007}) 8. Be3 O-O 9. Nge2 Bb7 10. Qd2 Re8 11. g4 Qc8 12. Ng3 (12. Bh6 $142) 12... Nf8 (12... c5 $16 {was necessary.}) 13. g5 (13. h4 $142) 13... N6d7 14. h4 c5 15. Nd5 cxd4 16. Bxd4 Bxd4 17. Qxd4 Qxc2 18. O-O Ne6 19. Qf2 Qxf2+ 20. Kxf2 Rac8 21. Rac1 Bxd5 22. Bxd5 Nf4 23. Ke3 Nxd5+ 24. exd5 Rc5 25. Rxc5 dxc5 26. Ne4 Rc8 (26... f5 $17 27. gxf6 exf6) 27. Rc1 c4 28. Kd4 $15 Rd8 29. Nc3 e5+ 30. Ke3 Nc5 31. Ne4 Nd3 32. Nf6+ Kg7 33. Rc2 h6 34. Ke4 a5 35. d6 Nc5+ 36. Kxe5 Nd7+ 37. Nxd7 Rxd7 38. Kd5 hxg5 39. hxg5 Kf8 40. Re2 b4 41. Kc6 Rd8 42. d7 Ra8 43. Kb7 1-0

[Event "ROU-ch Men 2018"]
[Site "Olanesti"]
[Date "2018.05.18"]
[Round "5"]
[White "Manea, Alexandru"]
[Black "Pribeanu, Mihail-Dacian"]
[Result "1-0"]
[ECO "B00"]
[WhiteElo "2402"]
[BlackElo "2119"]
[Annotator "ChessBase"]
[PlyCount "41"]
[EventDate "2018.??.??"]
[EventType "swiss"]
[EventCountry "ROU"]
[SourceTitle "playchess.com"]
[Source "ChessBase"]
[SourceQuality "1"]
[TimeControl "40/5400+30:1800+30"]

1. e4 d6 2. d4 g6 3. h4 Bg7 4. h5 e5 5. d5 Ne7 6. Nc3 O-O 7. Be3 c6 8. Qd2 cxd5 9. Bh6 dxe4 10. Bxg7 Kxg7 11. hxg6 fxg6 12. Qh6+ Kf7 13. Qxh7+ Ke6 14. Nxe4 d5 15. O-O-O Nbc6 16. g3 Qe8 17. Bh3+ Nf5 18. Nf3 dxe4 19. Ng5+ Kf6 20. Nxe4+ Ke6 21. Rd6# {Kd5} 1-0

[Event "ROU-ch Men 2018"]
[Site "Olanesti"]
[Date "2018.05.18"]
[Round "5"]
[White "Stanciu, Alexandru-Ovidiu"]
[Black "Farcadi, Hunor"]
[Result "1-0"]
[ECO "A00"]
[WhiteElo "2363"]
[BlackElo "1959"]
[Annotator "NA"]
[PlyCount "61"]
[EventDate "2018.??.??"]
[EventType "swiss"]
[EventCountry "ROU"]
[SourceTitle "playchess.com"]
[Source "ChessBase"]
[SourceQuality "1"]
[TimeControl "40/5400+30:1800+30"]

1. g3 d5 2. Bg2 Nf6 3. c4 c6 4. Nf3 Bf5 5. d4 e6 6. Nc3 Be7 7. O-O O-O 8. b3 Nbd7 9. Bb2 a6 10. Nd2 b5 11. e4 dxe4 $11 12. Qe2 Qb6 13. Ncxe4 Rac8 14. c5 Qc7 15. f3 Rcd8 16. Rac1 Rfe8 17. g4 Bxe4 18. fxe4 e5 19. g5 exd4 20. Bxd4 Ne5 21. Bxe5 Qxe5 22. gxf6 Bxf6 23. Nf3 Qxe4 24. Qxe4 Rxe4 25. Rfe1 Rf4 26. Rcd1 Rc8 27. Bh3 Rf8 28. Kg2 g5 29. Bd7 g4 30. Ne5 Bh4 31. Re2 1-0

[Event "ROU-ch Men 2018"]
[Site "Olanesti"]
[Date "2018.05.18"]
[Round "5"]
[White "Ileana, George"]
[Black "Dobre, Claudiu-Cristian"]
[Result "1-0"]
[ECO "A06"]
[WhiteElo "2325"]
[BlackElo "2393"]
[Annotator "NA"]
[PlyCount "99"]
[EventDate "2018.??.??"]
[EventType "swiss"]
[EventCountry "ROU"]
[SourceTitle "playchess.com"]
[Source "ChessBase"]
[SourceQuality "1"]
[TimeControl "40/5400+30:1800+30"]

1. Nf3 d5 2. c4 c6 3. e3 Nf6 4. Nc3 e6 5. b3 Nbd7 6. Qc2 Bd6 7. Bb2 Qe7 8. Be2 O-O 9. d4 b6 10. O-O Bb7 $11 11. Rad1 Rad8 12. e4 Nxe4 13. Nxe4 dxe4 14. Qxe4 f5 15. Qe3 c5 16. Qg5 Nf6 17. Ne5 cxd4 18. Bxd4 Qc7 19. Qe3 Ne4 20. f4 Be7 21. Kh1 Bc5 22. Bxc5 Qxc5 23. Qxc5 Nxc5 24. Bf3 Bxf3 25. gxf3 a5 26. Kg2 Rb8 27. Rd6 Rfd8 28. Rfd1 Rxd6 29. Rxd6 Kf8 30. Rc6 Rb7 31. Kf2 Ke7 32. Ke3 Nd7 33. a3 g5 34. b4 axb4 35. axb4 b5 36. c5 Nf6 37. fxg5 Nd5+ 38. Kd4 Ra7 39. Rc8 Ra2 40. c6 Rc2 41. Rh8 Kd6 42. Rd8+ Kc7 43. Rd7+ Kb6 44. Rb7+ Ka6 45. Rxh7 Rd2+ 46. Nd3 Nxb4 47. Kc3 Rxd3+ 48. Kxb4 Kb6 49. c7 Kb7 50. g6 1-0

[Event "ROU-ch Men 2018"]
[Site "Olanesti"]
[Date "2018.05.18"]
[Round "5"]
[White "Pop, Alexandru"]
[Black "Neagu, Liviu"]
[Result "1-0"]
[ECO "B31"]
[WhiteElo "2302"]
[BlackElo "2025"]
[Annotator "NA"]
[PlyCount "82"]
[EventDate "2018.??.??"]
[EventType "swiss"]
[EventCountry "ROU"]
[SourceTitle "playchess.com"]
[Source "ChessBase"]
[SourceQuality "1"]
[TimeControl "40/5400+30:1800+30"]

1. e4 c5 2. Nf3 Nc6 3. Bb5 g6 4. Bxc6 bxc6 5. O-O Nf6 6. Re1 Bg7 7. e5 Nd5 8. c4 Nc7 9. d4 cxd4 10. Qxd4 Ne6 11. Qh4 d5 12. exd6 exd6 13. Bg5 Qa5 (13... f6 $14 14. Bh6 O-O 15. Bxg7 Nxg7) 14. Nc3 O-O 15. Be7 d5 $18 (15... Bxc3 $16 {keeps fighting.} 16. bxc3 Re8) 16. cxd5 cxd5 17. Bb4 Qd8 18. Bxf8 Qxh4 19. Nxh4 Kxf8 20. Nxd5 Bxb2 21. Rab1 Bg7 22. Nf3 Ba6 23. Ne5 Rd8 24. Nb4 Bxe5 25. Nxa6 Bd4 26. Rb8 Rxb8 27. Nxb8 Kg7 28. Nc6 Bc5 29. Rd1 Nf8 30. Rd8 Ne6 31. Rd7 Ng5 32. Nxa7 Ne4 33. Kf1 Nxf2 34. a4 Kf6 35. Nb5 Ke6 36. Rc7 Ne4 37. a5 Kd5 38. a6 Bb6 39. a7 Bxa7 40. Rxa7 Ke6 41. Nd4+ Kd5 1-0

[Event "ROU-ch Men 2018"]
[Site "Olanesti"]
[Date "2018.05.18"]
[Round "5"]
[White "Vasilescu, Lucian-Mihail"]
[Black "Chima, Radu-Niculin"]
[Result "1-0"]
[ECO "A20"]
[WhiteElo "2243"]
[BlackElo "2095"]
[Annotator "NA"]
[PlyCount "156"]
[EventDate "2018.??.??"]
[EventType "swiss"]
[EventCountry "ROU"]
[SourceTitle "playchess.com"]
[Source "ChessBase"]
[SourceQuality "1"]
[TimeControl "40/5400+30:1800+30"]

1. c4 e5 2. g3 Nf6 3. Bg2 d5 4. cxd5 Nxd5 5. Nf3 Nc6 6. O-O Nb6 7. d3 Be7 8. a3 O-O 9. Nbd2 Be6 10. b4 a6 $14 11. Bb2 f6 12. Rc1 Qd7 13. Ne4 Rfd8 14. Qc2 Bh3 15. Bxh3 Qxh3 16. Nc5 Bxc5 17. bxc5 Nd5 18. Qb3 Qe6 19. Nd2 Qf7 20. Ba1 Rab8 21. Rb1 Nd4 22. Bxd4 exd4 23. Rfe1 Nc3 24. Qxf7+ Kxf7 25. Rb4 b6 26. Nb3 a5 27. Rc4 b5 28. Rxd4 a4 29. Rxd8 Rxd8 30. Na5 Rd5 31. c6 Ke7 32. Kf1 b4 33. axb4 Rb5 34. Rc1 Nd5 35. Rc5 Rxb4 36. Nc4 Nc3 37. Ra5 Nb5 38. Ke1 Nd4 39. Ra6 Rb1+ 40. Kd2 Rb5 41. Ra7 Kd8 42. Rxa4 Nxc6 43. Ra8+ Rb8 44. Rxb8+ Nxb8 45. Ke3 Kd7 46. h4 c5 47. Ke4 Ke6 48. g4 g6 49. Ne3 Nc6 50. f4 Nd4 51. f5+ Kf7 52. Kd5 Nxe2 53. Kxc5 h5 54. gxh5 gxf5 55. Nxf5 Nf4 56. d4 Nxh5 57. d5 Nf4 58. Kc6 Nd3 59. h5 Nb4+ 60. Kc5 Nd3+ 61. Kd4 Nf4 62. h6 Kg6 63. Ke4 Nh3 64. d6 Ng5+ 65. Kd5 Nf7 66. d7 Nd8 67. Kd6 Nf7+ 68. Ke7 Ne5 69. d8=Q Nc6+ 70. Ke8 Nxd8 71. Kxd8 Kxf5 72. h7 Kg4 73. h8=Q f5 74. Qh1 f4 75. Qf1 Kg3 76. Ke7 f3 77. Kf6 f2 78. Ke5 Kf3 {[%emt 0:00:21] Ke4+} 1-0

[Event "ROU-ch Men 2018"]
[Site "Olanesti"]
[Date "2018.05.18"]
[Round "5"]
[White "Ciobanu, Viorel-Adrian"]
[Black "Bobocea, Laurentiu-Vlad"]
[Result "1/2-1/2"]
[ECO "B92"]
[WhiteElo "2196"]
[BlackElo "1853"]
[Annotator "NA"]
[PlyCount "98"]
[EventDate "2018.??.??"]
[EventType "swiss"]
[EventCountry "ROU"]
[SourceTitle "playchess.com"]
[Source "ChessBase"]
[SourceQuality "1"]
[TimeControl "40/5400+30:1800+30"]

1. e4 c5 2. Nf3 d6 3. d4 cxd4 4. Nxd4 Nf6 5. Nc3 a6 6. Be2 e5 7. Nb3 Be7 8. a4 O-O 9. O-O Be6 10. f4 exf4 11. Bxf4 Nc6 12. Kh1 d5 13. e5 Ne4 14. Bf3 f5 15. exf6 Bxf6 16. Nxe4 dxe4 17. Bxe4 Qxd1 18. Raxd1 Bc4 19. Bd3 Bxd3 20. cxd3 Bxb2 21. d4 Ne7 22. Bd6 Rxf1+ 23. Rxf1 Nd5 24. Rf5 Ne3 25. Rf2 Nc4 26. Bc5 b6 27. Bxb6 Nxb6 28. Rxb2 Nxa4 29. Ra2 Nc3 30. Ra1 Kf7 31. h3 Ke6 32. Ra5 Nb5 33. Ra1 a5 34. Nxa5 Nxd4 35. Re1+ Kf6 36. Nc4 h6 37. Rf1+ Ke6 38. Kh2 Ra4 39. Nb2 Ra3 40. Nc4 Ra4 41. Re1+ Kf6 42. Nd6 Ra3 43. Rf1+ Kg6 44. Nc4 Ra7 45. Ne5+ Kh7 46. Rf8 Ne6 47. Rf2 Ng5 48. Rf4 Re7 49. Nf3 Nxf3+ 1/2-1/2

[Event "ROU-ch Men 2018"]
[Site "Olanesti"]
[Date "2018.05.18"]
[Round "5"]
[White "Dumitru, Matei-Ioan"]
[Black "Cenusa, Mihai"]
[Result "1-0"]
[ECO "B33"]
[WhiteElo "2164"]
[BlackElo "1819"]
[Annotator "NA"]
[PlyCount "85"]
[EventDate "2018.??.??"]
[EventType "swiss"]
[EventCountry "ROU"]
[SourceTitle "playchess.com"]
[Source "ChessBase"]
[SourceQuality "1"]
[TimeControl "40/5400+30:1800+30"]

1. e4 c5 2. Nf3 Nc6 3. d4 cxd4 4. Nxd4 e5 5. Nb5 d6 6. N1c3 a6 7. Na3 Nf6 8. Bg5 Be6 9. Nc4 h6 10. Bxf6 gxf6 11. Nd5 b5 12. Nce3 Be7 13. Qd2 Rc8 14. c3 Na5 15. b4 Bxd5 16. Qxd5 Rxc3 17. bxa5 Qxa5 18. Qd2 Qb4 19. Be2 Qc5 20. O-O Bd8 21. Rfd1 Kd7 22. Nf5 Bc7 23. Rac1 Rxc1 24. Rxc1 Qa3 25. Bg4 Kd8 26. Qc2 Qc5 27. Qxc5 dxc5 28. Rxc5 h5 29. Bh3 Kc8 30. Ne7+ Kb8 31. Nd5 Bd6 32. Rc6 Rd8 33. Rxa6 Bc5 34. Rxf6 Kb7 35. Rxf7+ Ka6 36. g3 Rf8 37. Rxf8 Bxf8 38. f4 exf4 39. gxf4 Bc5+ 40. Kg2 h4 41. Bd7 b4 42. e5 Kb7 43. f5 1-0

[Event "ROU-ch Men 2018"]
[Site "Olanesti"]
[Date "2018.05.18"]
[Round "5"]
[White "Horvat, Dan-Sebastian"]
[Black "Stoleriu, George"]
[Result "1/2-1/2"]
[ECO "A40"]
[WhiteElo "2152"]
[BlackElo "2333"]
[Annotator "NA"]
[PlyCount "84"]
[EventDate "2018.??.??"]
[EventType "swiss"]
[EventCountry "ROU"]
[SourceTitle "playchess.com"]
[Source "ChessBase"]
[SourceQuality "1"]
[TimeControl "40/5400+30:1800+30"]

1. d4 e6 2. Nf3 Nf6 3. Bf4 b6 4. e3 Bb7 5. Bd3 d6 6. Nbd2 Nbd7 7. O-O g6 8. Qe2 Bg7 9. h3 Qe7 10. Bh2 e5 11. dxe5 dxe5 12. e4 O-O 13. Ba6 $11 Bxa6 14. Qxa6 Ne8 15. Nc4 Qe6 16. Qb7 Rb8 17. Qd5 Qxd5 18. exd5 f6 19. Nfd2 b5 20. Na5 Nd6 21. Nc6 Ra8 22. f4 Bh6 23. Nf3 e4 24. Nfd4 Nb6 25. f5 Be3+ 26. Kh1 Bxd4 27. Bxd6 cxd6 28. Nxd4 Nxd5 29. Rae1 a6 30. Rxe4 Rfe8 31. Rfe1 Re5 32. fxg6 hxg6 33. Nf3 Rxe4 34. Rxe4 Kf7 35. Kg1 Rc8 36. c3 b4 37. cxb4 Rc2 38. Rd4 Ke6 39. Re4+ Kd7 40. Rd4 Ke6 41. Re4+ Kd7 42. Rd4 Ke6 1/2-1/2

[Event "ROU-ch Men 2018"]
[Site "Olanesti"]
[Date "2018.05.18"]
[Round "5"]
[White "Paraschiv, Paul-Alexandru"]
[Black "Banzea, Alexandru-Bogdan"]
[Result "0-1"]
[ECO "D04"]
[WhiteElo "2131"]
[BlackElo "2325"]
[Annotator "NA"]
[PlyCount "60"]
[EventDate "2018.??.??"]
[EventType "swiss"]
[EventCountry "ROU"]
[SourceTitle "playchess.com"]
[Source "ChessBase"]
[SourceQuality "1"]
[TimeControl "40/5400+30:1800+30"]

1. d4 d5 2. Nf3 Nf6 3. e3 c5 4. b3 cxd4 5. exd4 Nc6 6. c3 Bg4 7. Bd3 e6 8. O-O Bd6 9. Nbd2 Qc7 10. h3 Bh5 11. Bb2 g5 12. g4 Bg6 13. Bxg6 hxg6 14. Kg2 O-O-O 15. c4 Bf4 16. c5 Ne4 $19 17. Qe2 Bxd2 18. Nxd2 Rxh3 19. Rh1 Ng3 20. Qe3 Rxh1 21. fxg3 Rxa1 22. Bxa1 Qe7 23. a3 e5 24. b4 exd4 25. Qxe7 Nxe7 26. Bxd4 Nc6 27. Bf6 Re8 28. Kf2 Ne5 29. Bxe5 Rxe5 30. Nf3 Re7 0-1

[Event "ROU-ch Men 2018"]
[Site "Olanesti"]
[Date "2018.05.18"]
[Round "5"]
[White "Iustin, Silviu"]
[Black "Ciorgovean, Iustin"]
[Result "1/2-1/2"]
[ECO "B23"]
[WhiteElo "1962"]
[BlackElo "2169"]
[Annotator "NA"]
[PlyCount "35"]
[EventDate "2018.??.??"]
[EventType "swiss"]
[EventCountry "ROU"]
[SourceTitle "playchess.com"]
[Source "ChessBase"]
[SourceQuality "1"]
[TimeControl "40/5400+30:1800+30"]

1. e4 c5 2. Nc3 d6 3. d4 cxd4 4. Qxd4 Nc6 5. Qd2 Nf6 6. b3 e6 7. Bb2 Be7 8. O-O-O a6 9. f3 h5 10. Nh3 Bd7 11. Bd3 Rc8 12. Kb1 e5 13. Nd5 Bxh3 14. Nxe7 Nxe7 15. gxh3 Ng6 16. Rhg1 h4 17. Bc4 Rc6 18. f4 1/2-1/2

[Event "ROU-ch Men 2018"]
[Site "Olanesti"]
[Date "2018.05.18"]
[Round "5"]
[White "Craciun, Ovidiu"]
[Black "Albu, George"]
[Result "1/2-1/2"]
[ECO "B42"]
[WhiteElo "1931"]
[BlackElo "2038"]
[Annotator "NA"]
[PlyCount "87"]
[EventDate "2018.??.??"]
[EventType "swiss"]
[EventCountry "ROU"]
[SourceTitle "playchess.com"]
[Source "ChessBase"]
[SourceQuality "1"]
[TimeControl "40/5400+30:1800+30"]

1. e4 c5 2. Nf3 e6 3. d4 cxd4 4. Nxd4 a6 5. Bd3 b5 6. O-O Bb7 7. a4 b4 8. c4 Qc7 9. Qe2 Nc6 10. Nxc6 Bxc6 11. b3 Bd6 12. f4 Bc5+ 13. Kh1 h5 14. Nd2 f6 15. Bb2 O-O-O 16. Nf3 Qa7 17. Rad1 h4 18. h3 Ne7 19. Bc2 Ng6 20. Qd2 Ne7 21. Bd4 Bxd4 22. Nxd4 Qc5 23. Bb1 Bb7 24. Rc1 Nc6 25. Nb5 axb5 26. cxb5 Qe7 27. bxc6 dxc6 28. Qe3 Kb8 29. Rc5 Qd6 30. Rfc1 Qd2 31. Qf3 Rhf8 32. Qg4 g5 33. fxg5 fxg5 34. Qxg5 Qxg5 35. Rxg5 Rd2 36. Kh2 Rff2 37. Rg8+ Ka7 38. Rg7 Kb6 39. Rc4 Ba6 40. a5+ Kxa5 41. Rxc6 e5 42. Rc5+ Bb5 43. Rxe5 Rf1 44. Rb7 1/2-1/2

[Event "ROU-ch Men 2018"]
[Site "Olanesti"]
[Date "2018.05.18"]
[Round "5"]
[White "Muller, Wilhelm"]
[Black "Rusan, Paul-Cristian"]
[Result "0-1"]
[ECO "A00"]
[WhiteElo "1896"]
[BlackElo "2213"]
[Annotator "NA"]
[PlyCount "56"]
[EventDate "2018.??.??"]
[EventType "swiss"]
[EventCountry "ROU"]
[SourceTitle "playchess.com"]
[Source "ChessBase"]
[SourceQuality "1"]
[TimeControl "40/5400+30:1800+30"]

1. d3 f5 2. e4 d6 3. g3 e5 4. Bg2 fxe4 5. dxe4 Nf6 6. Ne2 Be7 7. h3 h5 8. Bg5 Be6 9. Nd2 Qd7 10. c3 a5 11. f4 Nc6 12. f5 Bf7 13. a4 O-O-O 14. Nf1 g6 15. Ne3 Ng4 16. Nxg4 Bxg5 17. Nf2 gxf5 18. exf5 d5 19. h4 Be3 20. Bh3 Kb8 21. Qc2 d4 22. Nc1 e4 23. f6 Be6 24. Bxe6 Qxe6 25. Nb3 d3 26. Qd1 Bxf2+ 27. Kxf2 e3+ 28. Kg2 e2 0-1

[Event "ROU-ch Men 2018"]
[Site "Olanesti"]
[Date "2018.05.18"]
[Round "5"]
[White "Berechet, Stefan-Mario"]
[Black "Raducanu, Andrei-Augustin"]
[Result "0-1"]
[ECO "A10"]
[WhiteElo "1879"]
[BlackElo "2063"]
[Annotator "NA"]
[PlyCount "116"]
[EventDate "2018.??.??"]
[EventType "swiss"]
[EventCountry "ROU"]
[SourceTitle "playchess.com"]
[Source "ChessBase"]
[SourceQuality "1"]
[TimeControl "40/5400+30:1800+30"]

1. c4 f5 2. Nc3 Nf6 3. g3 g6 4. Bg2 Bg7 5. d3 O-O 6. e3 d6 7. Nge2 e5 8. b4 c6 9. b5 Be6 10. O-O Re8 11. Rb1 Qd7 12. Qa4 d5 13. bxc6 bxc6 14. Ba3 dxc4 15. dxc4 Qf7 16. Rb2 Bxc4 17. Bxc6 Nxc6 18. Qxc6 Rac8 19. Qa4 a6 20. Rfb1 Bd3 21. Rb7 Rc7 22. Rxc7 Qxc7 23. Rc1 Qb7 24. Rd1 Bxe2 25. Nxe2 Qf3 26. Nc3 Rb8 27. Bd6 Rc8 28. Qb3+ Kh8 29. Bxe5 Ng4 30. Bxg7+ Kxg7 31. Rf1 Nxe3 32. fxe3 Qxe3+ 33. Kh1 Rxc3 34. Qb7+ Kh6 35. Qg2 Rc1 36. Qh3+ Kg7 37. Qg2 a5 38. Qb7+ Kh6 39. Rxc1 Qxc1+ 40. Kg2 Qd2+ 41. Kf3 Qxa2 42. Qe7 Qxh2 43. Qe3+ Kh5 44. Qe1 Qh3 45. Qxa5 Qf1+ 46. Ke3 Qg2 47. Qc7 Qe4+ 48. Kf2 Kg4 49. Qc3 Kh3 50. g4+ Kxg4 51. Qg3+ Kh5 52. Qc7 h6 53. Qf7 f4 54. Qd7 Qe3+ 55. Kg2 Qg3+ 56. Kh1 Qh4+ 57. Kg2 Qg4+ 58. Qxg4+ Kxg4 0-1

[Event "ROU-ch Men 2018"]
[Site "Olanesti"]
[Date "2018.05.18"]
[Round "5"]
[White "Toma, Mihail"]
[Black "Vasiesiu, Victor"]
[Result "0-1"]
[ECO "A46"]
[WhiteElo "1835"]
[BlackElo "2327"]
[Annotator "NA"]
[PlyCount "66"]
[EventDate "2018.??.??"]
[EventType "swiss"]
[EventCountry "ROU"]
[SourceTitle "playchess.com"]
[Source "ChessBase"]
[SourceQuality "1"]
[TimeControl "40/5400+30:1800+30"]

1. d4 Nf6 2. Nf3 c5 3. c3 g6 4. Bg5 Bg7 5. e3 O-O 6. Nbd2 d6 7. Bd3 Nbd7 {[%emt 0:01:07] A48: 1 d4 Nf6 2 Nf3 g6: Torre, London and Colle Systems} (7... b6 8. O-O Bb7 9. Re1 Nc6 10. h3 Rc8 11. Qe2 Rc7 12. a3 Qc8 13. e4 cxd4 14. cxd4 Nd7 15. e5 dxe5 {½-½ (58) Kramnik,V (2811)-Nepomniachtchi,I (2751) Zuerich 2017}) 8. O-O h6 9. Bh4 g5 10. Bg3 Nh5 11. Ne1 $146 ({Predecessor:} 11. Ne4 d5 12. Nexg5 hxg5 13. Nxg5 Nxg3 14. fxg3 Nf6 15. Rxf6 exf6 16. Qh5 Re8 17. Bh7+ {1-0 (17) Bouza Brey Teijeiro,G (1904)-Mougan Gonzalez,S (1730) Cambados 2008}) 11... Nxg3 12. hxg3 cxd4 13. exd4 e5 14. d5 (14. Nc2 $11) 14... f5 15. Rc1 e4 16. Bb1 Ne5 17. Nb3 Qe8 18. Nd4 {[%emt 0:00:55] [#]} (18. f3 $17 {ist eine bessere Verteidigung.}) 18... Ng4 $1 19. f3 Ne3 20. Qe2 Nxf1 21. Qxf1 $19 Bxd4+ 22. cxd4 Bd7 23. Rc3 Rc8 24. Nc2 b5 25. Nb4 a5 26. Nc6 Bxc6 27. dxc6 Rxc6 28. fxe4 fxe4 29. Qe2 Rxc3 30. bxc3 d5 31. g4 Qc6 32. Kh2 Qc4 33. Qe3 Qf1 0-1

[Event "ROU-ch Men 2018"]
[Site "Olanesti"]
[Date "2018.05.18"]
[Round "5"]
[White "Morariu, Daniel"]
[Black "Coca, Cristi-Iulian"]
[Result "0-1"]
[ECO "B41"]
[WhiteElo "1656"]
[BlackElo "2003"]
[Annotator "NA"]
[PlyCount "54"]
[EventDate "2018.??.??"]
[EventType "swiss"]
[EventCountry "ROU"]
[SourceTitle "playchess.com"]
[Source "ChessBase"]
[SourceQuality "1"]
[TimeControl "40/5400+30:1800+30"]

1. e4 c5 2. Nf3 e6 3. d4 cxd4 4. Nxd4 a6 5. c4 Nf6 6. Nc3 Qc7 7. a3 d6 8. Be2 Nbd7 9. Be3 b6 10. O-O Bb7 11. f3 Be7 12. Qe1 O-O 13. Qg3 Rfe8 14. Rac1 Rac8 15. Qh3 h5 16. f4 Nc5 17. Bxh5 Nxh5 18. Qxh5 Nxe4 19. f5 e5 20. Ne6 fxe6 21. fxe6 Rf8 22. Rf7 Nf6 23. Rxg7+ Kxg7 24. Bh6+ Kh8 25. Qh4 Nh7 26. Qh5 Qc5+ 27. Kh1 Qf2 0-1

[Event "ROU-ch Men 2018"]
[Site "Olanesti"]
[Date "2018.05.19"]
[Round "6"]
[White "Secheres, Adrian-Simion"]
[Black "Pop, Alexandru"]
[Result "1-0"]
[ECO "B78"]
[WhiteElo "2404"]
[BlackElo "2302"]
[Annotator "ChessBase"]
[PlyCount "133"]
[EventDate "2018.??.??"]
[EventType "swiss"]
[EventCountry "ROU"]
[SourceTitle "playchess.com"]
[Source "ChessBase"]
[SourceQuality "1"]
[TimeControl "40/5400+30:1800+30"]

1. e4 c5 2. Nf3 d6 3. d4 cxd4 4. Nxd4 Nf6 5. Nc3 g6 6. Be3 Bg7 7. f3 O-O 8. Qd2 Nc6 9. Bc4 Bd7 10. O-O-O Rc8 11. Bb3 Nxd4 12. Bxd4 b5 13. Nd5 Nxd5 14. Bxg7 Kxg7 15. exd5 a5 16. a3 Kg8 17. h4 b4 18. axb4 axb4 19. h5 Qa5 20. Qd4 Bf5 21. hxg6 fxg6 22. Kd2 Rc5 23. Qh4 Rf7 24. Ra1 Qb6 25. Ra4 Ra5 26. Rxb4 Qa7 27. Qd4 Qa8 28. Qb6 Rf8 29. Qb7 Qd8 30. Re1 Re8 31. Qb6 Qa8 32. Qb7 Qd8 33. Re3 Bd7 34. c3 Bf5 35. Ba4 Bc8 36. Qb8 Rf8 37. Bc6 Ra1 38. Qb6 Rg1 39. Re2 Qxb6 40. Rxb6 h5 41. Rb4 g5 42. Rbe4 g4 43. b4 gxf3 44. gxf3 Rxf3 45. b5 Bf5 46. R4e3 Rff1 47. Re1 h4 48. b6 Rxe1 49. Rxe1 Rg2+ 50. Ke3 Rb2 51. b7 h3 52. Rf1 Bg6 53. c4 Rb6 54. Kf4 Bd3 55. Ra1 Kg7 56. Kg3 Bf5 57. Rf1 Kg6 58. Kh4 Rb3 59. Rf2 Rb6 60. Be8+ Kf6 61. Bd7 Rxb7 62. Rxf5+ Kg6 63. Rg5+ Kf6 64. Bxh3 e5 65. dxe6 Rb4 66. Rf5+ Kg6 67. Rf4 1-0

[Event "ROU-ch Men 2018"]
[Site "Olanesti"]
[Date "2018.05.19"]
[Round "6"]
[White "Dobre, Claudiu-Cristian"]
[Black "Coca, Cristi-Iulian"]
[Result "1/2-1/2"]
[ECO "A01"]
[WhiteElo "2393"]
[BlackElo "2003"]
[Annotator "NA"]
[PlyCount "40"]
[EventDate "2018.??.??"]
[EventType "swiss"]
[EventCountry "ROU"]
[SourceTitle "playchess.com"]
[Source "ChessBase"]
[SourceQuality "1"]
[TimeControl "40/5400+30:1800+30"]

1. b3 e5 2. Bb2 Nc6 3. e3 Nf6 4. Nf3 e4 5. Nd4 d5 6. Nxc6 bxc6 7. c4 Bd6 8. Be2 O-O 9. O-O Be6 10. Nc3 a6 11. cxd5 cxd5 12. f3 c5 13. fxe4 d4 14. Nd5 Nxd5 15. exd5 Qh4 16. g3 Bxg3 17. hxg3 Qxg3+ 18. Kh1 Bxd5+ 19. Bf3 Qh3+ 20. Kg1 Qg3+ 1/2-1/2